 Dungeon Crawl Stone Soup version 0.30.1-11-g7821555f0a (webtiles) character file.

Game seed: 16761201625978454284

12 KittyFluff the Trooper (level 2, -4/19 HPs)
             Began as a Gargoyle Berserker on Nov 10, 2023.
             Was a Follower of Trog.
             Slain by a worm (8 damage)
             ... on level 2 of the Dungeon.
             The game lasted 00:02:58 (912 turns).

KittyFluff the Trooper (Gargoyle Berserker)          Turns: 912, Time: 00:02:59

Health: -4/19      AC:  5    Str: 20    XL:     2   Next: 33%
Magic:  2/2        EV: 11    Int:  7    God:    Trog [*.....]
Gold:   22         SH:  0    Dex:  9    Spells: 1/1 levels left

rFire   . . .        a - +0 mace
rCold   . . .        (no shield)
rNeg    + . .        b - +0 animal skin
rPois   ∞            (no helmet)
rElec   +            (no cloak)
rCorr   .            (no gloves)
SInv    .            (no boots)
Will    .....        (no amulet)
Stlth   +            (no ring)
HPRegen 0.23/turn    (no ring)
MPRegen 0.08/turn

%: no passive effects
@: no status effects
A: sickness immunity, AC +2, negative energy resistance 1, electricity
resistance, torment resistance 1, petrification resistance
a: Renounce Religion, Berserk


You were on level 2 of the Dungeon.
You worshipped Trog.
Trog was aware of your devotion.
You visited 1 branch of the dungeon, and saw 2 of its levels.

You collected 22 gold pieces.

Inventory:

Hand Weapons
 a - a +0 mace (weapon)
Armour
 b - a +0 animal skin (worn)
Scrolls
 c - a scroll of identify
 d - a scroll of magic mapping {unknown}
 e - a scroll of immolation {unknown}
 g - a scroll of enchant armour {unknown}
 h - a scroll of enchant weapon {unknown}
 i - a scroll of butterflies {unknown}
Potions
 f - a potion of attraction
 j - a potion of magic {unknown}


   Skills:
 + Level 3.3 Fighting
 * Level 3.2 Maces & Flails
 * Level 2.5 Armour
 + Level 1.6 Dodging
 + Level 0.8 Stealth


You had one spell level left.
You didn't know any spells.
Your spell library was empty.

Dungeon Overview and Level Annotations

Branches:
Dungeon (2/15)

Altars:

Shops:
D:2 ?(


Innate Abilities, Weirdness & Mutations

You are immune to sickness and miasma.
Your stone body is resilient. (AC +2)
You are immune to poison.
You resist negative energy. (rN+)
You are resistant to electric shocks. (rElec)
You are resistant to unholy torment.
You are immune to petrification.


Message History

Found a spear.
A rat comes into view.
Found a bubbling green potion.
The rat twitches its whiskers.
The rat bites you but does no damage.
You barely miss the rat. The rat bites you but does no damage.
You barely miss the rat. The rat bites you but does no damage.
You hit the rat.
You kill the rat!
Trog accepts your kill.
You see here a rat corpse.
j - a bubbling green potion You see here a rat corpse.
Found Wuytugar's Magic Scroll Boutique.
There is an entrance to Wuytugar's Magic Scroll Boutique here.
You see here a rat corpse.
Found a chain mail.
You see here a +0 chain mail.
Found a club.
A dart slug comes into view.
Found Hiokko Beuph's Weapon Shoppe.
Found a human corpse.
A worm comes into view.
The dart slug bites you but does no damage.
You sock the dart slug!
You kill the dart slug!
Trog accepts your kill.
You sock the worm!
The worm is heavily wounded.
The worm bites you!
You hit the worm.
The worm is heavily wounded.
You hit the worm.
The worm is severely wounded.
The worm bites you!
* * * LOW HITPOINT WARNING * * *
You barely miss the worm.
The worm is heavily wounded.
The worm bites you!
You die...

...... ....
..... .....
##...##.....
#+##†....#.....
...............
####...∩........
................
#.w@..# ##...##
##..## #...#
#.### #.# #.#
#.# #.#


You could see a worm.

Vanquished Creatures
  A dart slug (D:2)
  A ball python (D:1)
  A goblin (D:1)
  2 hobgoblins (D:1)
  2 kobolds (D:1)
  A frilled lizard (D:1)
  A rat (D:2)
9 creatures vanquished.

Notes
Turn   | Place    | Note
-------+----------+-------------------------------------------
     0 | D:1      | KittyFluff the Gargoyle Berserker began the quest for the
                  | Orb.
     0 | D:1      | Reached XP level 1. HP: 14/14 MP: 1/1
   306 | D:1      | Reached XP level 2. HP: 19/19 MP: 2/2
   847 | D:2      | Found Wuytugar's Magic Scroll Boutique.
   900 | D:2      | Found Hiokko Beuph's Weapon Shoppe.
   912 | D:2      | Slain by a worm

Illustrated notes

Levels and vault maps discovered:
D:1:      sevenhm_arrival_forest_fort_small_6, layout_basic,
          amcnicky_mini_corridor_feature
D:2:      layout_basic, serial_shops, nicolae_shop_back_alley_shop,
          nicolae_shop_bloodbath_and_beyond, shop, nicolae_shop_behind_doors

Action                     || total
---------------------------++-------
  Melee: Mace              ||    32
    Use: Scroll            ||     1
 Armour: Animal skin       ||    12
  Dodge: Dodged            ||    12
